 Dungeon Crawl Stone Soup version 0.29-a0-512-gf59ac788ac (webtiles) character file.

Game seed: 5987632005328536008

525 Sobieck the Sneak (level 7, -6/38 HPs)
             Began as a Vine Stalker Brigand on May 29, 2022.
             Was an Initiate of Ru.
             Mangled by Edmund
             ... wielding a +4 vorpal flail
              (8 damage)
             ... on level 4 of the Dungeon.
             The game lasted 00:06:14 (3631 turns).

Sobieck the Sneak (Vine Stalker Brigand)            Turns: 3631, Time: 00:06:15

Health: -6/38      AC:  3    Str: 14    XL:     7   Next: 23%
Magic:  0/8        EV: 11    Int: 11    God:    Ru [......]
Gold:   246        SH:  0    Dex: 17    Spells: 6/6 levels left

rFire   . . .      SeeInvis .   a - +0 short sword (elec) {short}
rCold   + . .      Faith    .   (no shield)
rNeg    . . .      Spirit   +   I - +0 robe
rPois   .          Reflect  .   u - +0 hat of the Sky {+Inv rC+}
rElec   .          Harm     .   c - +0 cloak
rCorr   .          Rampage  .   (no gloves)
Will    .....                   (no boots)
Stlth   +++.......              (no amulet)
HPRegen 0.92/turn               (no ring)
MPRegen 0.11/turn               (no ring)

@: no status effects
A: fangs 2, regeneration 1, magic shield, antimagic bite, no potion heal 2
a: Renounce Religion, Evoke Invisibility


You were on level 4 of the Dungeon.
You worshipped Ru.
Ru was noncommittal.
You visited 1 branch of the dungeon, and saw 4 of its levels.

You collected 246 gold pieces.


Innate Abilities, Weirdness & Mutations

You have extremely sharp teeth.
Your natural rate of healing is unusually fast.
When hurt, damage is shared between your health and your magic reserves.
Your bite disrupts and absorbs the magic of your enemies.
Potions cannot restore your health.


   Skills:
 + Level 4.7 Fighting
 + Level 4.7 Short Blades
 - Level 1.7 Throwing
 - Level 0.7 Dodging
 - Level 6.0 Stealth


You had 6 spell levels left.
You didn't know any spells.
Your spell library was empty.

Inventory:

Hand Weapons
 a - a +0 short sword of electrocution (weapon) {short}
   (You took it off a kobold on level 3 of the Dungeon)
 b - a +0 hunting sling {sling}
   (You took it off a goblin on level 4 of the Dungeon)
 A - a +2 dagger {short}
Missiles
 d - 22 poisoned darts (quivered) {throwing}
 e - 3 curare-tipped darts {=fthrowing}
 g - 48 stones {throwing}
 C - 2 boomerangs {throwing}
Armour
 c - a +0 cloak (worn)
 o - a +0 leather armour
   (You found it on level 1 of the Dungeon)
 q - a +0 leather armour
   (You found it on level 1 of the Dungeon)
 r - a +0 robe
   (You found it on level 1 of the Dungeon)
 t - a +1 ring mail of poison resistance
   (You found it on level 1 of the Dungeon)
 u - the +0 hat of the Sky (worn) {+Inv rC+}
   (You found it on level 2 of the Dungeon)

   rC:        It protects you from cold.
   +Inv:      It lets you turn invisible.
 y - a +0 robe
   (You took it off Sigmund on level 3 of the Dungeon)
 z - a +0 robe
   (You found it on level 3 of the Dungeon)
 F - a +0 leather armour
   (You found it on level 3 of the Dungeon)
 G - a +0 leather armour
   (You took it off an orc on level 3 of the Dungeon)
 I - a +0 robe (worn)
 J - a +0 ring mail
   (You took it off an orc on level 4 of the Dungeon)
 L - a +0 robe
   (You found it on level 4 of the Dungeon)
 M - a +0 robe
   (You found it on level 4 of the Dungeon)
Wands
 K - a wand of charming (6)
   (You took it off a hobgoblin on level 4 of the Dungeon)
Scrolls
 f - a scroll of noise {unknown}
 h - 5 scrolls of identify {unknown}
 j - 2 scrolls of amnesia {unknown}
 m - a scroll of vulnerability {unknown}
 p - 6 scrolls of teleportation {unknown}
 s - a scroll of summoning {unknown}
 w - 2 scrolls of immolation {unknown}
 x - a scroll of enchant weapon {unknown}
 E - 2 scrolls of fog {unknown}
Potions
 i - 2 potions of mutation {unknown}
 k - a potion of curing {unknown}
 l - a potion of flight {unknown}
 n - a potion of cancellation {unknown}
 v - a potion of berserk rage {unknown}
 B - a potion of lignification {unknown}
 D - a potion of heal wounds {unknown}
 H - a potion of brilliance {unknown}

Dungeon Overview and Level Annotations

Branches:
Dungeon (4/15)
 Temple: D:4-7

Altars:
Ru

Annotations:
D:3 1 runed translucent door, Crazy Yiuf
D:4 Edmund

.# .. .# .#
....#######.# .###
....S.....#.# ...#
...###.S...# ...#
#K#.### ...# #.#.#
...# #g#.# ...#
#@#.# ...# #@#.#
...#############.#.#
.>.'.............#.#
...###############
.#### ....# .....
...... ......


You could see Edmund, a hobgoblin, a ball python and a kobold.


Message History

You are too injured to fight recklessly!
You are too injured to fight recklessly!
You hit the phantom but do no damage. You bite the phantom, but do no damage.
You hit the phantom but do no damage. Your bite misses the phantom.
The phantom hits you!
The phantom blinks!
You blink.
You puncture the phantom!
You destroy the phantom!
You have reached level 7!
You start resting.
Your +0 short sword of electrocution {short} stops crackling.
b - a +0 hunting sling (weapon)
{sling} A hobgoblin comes into view. It is carrying a wand of charming (7).
Danger!
You shoot a sling bullet. The hobgoblin shouts!
The sling bullet hits the hobgoblin.
You shoot a sling bullet.
The sling bullet closely misses the hobgoblin.
The hobgoblin zaps a wand.
You easily resist.
You shoot a sling bullet. The sling bullet hits the hobgoblin.
You kill the hobgoblin!
K - a wand of charming (6)
You now have 235 gold pieces (gained 15).
You see here a hobgoblin corpse.
Unknown command.
An iguana comes into view.
The iguana hisses angrily.
Danger!
You shoot a sling bullet. The sling bullet hits the iguana.
You shoot a sling bullet. The sling bullet hits the iguana.
You shoot a sling bullet.
The sling bullet barely misses the iguana.
You hear the crackle of electricity.
a - a +0 short sword of electrocution (weapon)
{short} You hit the iguana but do no damage.
You bite the iguana. You drain its power. The iguana closely misses you.
You hit the iguana but do no damage. You punch the iguana, but do no damage.
You bite the iguana, but do no damage. The iguana bites you.
You hit the iguana but do no damage. You hit the iguana.
You bite the iguana, but do no damage. The iguana bites you!
You are too injured to fight recklessly!
You are too injured to fight recklessly!
Unknown command.
You hit the iguana. Your bite misses the iguana.
The iguana bites you but does no damage.
You barely miss the iguana.
The iguana bites you but does no damage.
You hit the iguana. The iguana closely misses you.
You hit the iguana.
You kill the iguana!
Okay, then.
Unknown command.
Unknown command.
Your +0 short sword of electrocution {short} stops crackling.
b - a +0 hunting sling (weapon)
{sling}
L - a +0 robe
E - 2 scrolls labelled FIDWUG DARAAJ (gained 1)
p - 6 scrolls labelled LIOREKI ECZOMP (gained 1)
You now have 246 gold pieces (gained 11).
Found a stone staircase leading down.
M - a +0 robe Unknown command.
There is a stone staircase leading down here.
Found a stone staircase leading up.
Unknown command.
There is a stone staircase leading down here.
You open the door.
There is an open door here.
Edmund the Younger comes into view.
He is wielding a +4 vorpal flail.
Danger!
A hobgoblin comes into view.
Unknown command.
A kobold comes into view. It is wielding a +0 short sword.
The kobold moves out of view.
You hear the crackle of electricity.
a - a +0 short sword of electrocution (weapon)
{short} The hobgoblin shouts!
Edmund shouts!
The kobold shouts!
Edmund hits you with a +4 vorpal flail!
Unknown command.
You hit Edmund. Edmund hits you with a +4 vorpal flail.
You hit Edmund. Your bite misses Edmund. You hit Edmund.
Edmund hits you with a +4 vorpal flail!
* * * LOW HITPOINT WARNING * * *
x2 A ball python comes into view.
Unknown command.
A ball python comes into view.
Edmund attacks as you move away! Edmund hits you with a +4 vorpal flail!
* * * LOW HITPOINT WARNING * * *
x2 The hobgoblin hits you but does no damage.
The hobgoblin closely misses you. Edmund attacks as you move away!
Edmund barely misses you.
The ball python hisses angrily.
Edmund attacks as you move away! Edmund hits you with a +4 vorpal flail!
* * * LOW HITPOINT WARNING * * *
x2 Edmund attacks as you move away!
Edmund hits you with a +4 vorpal flail!
You die...

Skill      XL: |  1  2  3  4  5  6 |
---------------+-------------------+-----
Fighting       | 2 3 4 |  4.7
Short Blades   | 2 3 4 |  4.7
Stealth        | 5 6 |  6.0
Throwing       | |  1.7
Dodging        | |  0.7

Action                   |  1- 3 |  4- 6 |  7- 9 || total
-------------------------+-------+-------+-------++-------
Melee: Dagger            |    87 |     5 |       ||    92
       Bite              |    18 |    12 |     3 ||    33
       Short sword       |       |    52 |    11 ||    63
       Punch             |       |       |     1 ||     1
 Fire: Hunting sling     |       |     6 |     6 ||    12
 Stab: Sleeping          |     8 |     8 |       ||    16
       Distracted        |     1 |       |       ||     1
Armor: Robe              |    16 |     2 |     3 ||    21
Dodge: Dodged            |    41 |    21 |     4 ||    66

Levels and vault maps discovered:
D:1:      dpeg_arrival_arbitrary_a, layout_loops_ring, minmay_split_cup_small
D:2:      layout_basic, nicolae_ecumenical_oubliette, serial_forest,
          infiniplex_forest_clump_diagonal, infiniplex_forest_straight_4,
          infiniplex_forest_straight_4, infiniplex_forest_clump_small,
          infiniplex_forest_clump_curved, infiniplex_forest_end_3,
          infiniplex_forest_corner_1, infiniplex_forest_clump_tiny,
          infiniplex_forest_diagonal, solitary_fountain
D:3:      layout_loops_corners, nicolae_ru_path_of_blood, uniq_sigmund,
          uniq_crazy_yiuf_cottage
D:4:      layout_basic, uniq_edmund

Notes
Turn   | Place    | Note
-------+----------+-------------------------------------------
     0 | D:1      | Sobieck the Vine Stalker Brigand began the quest for the
                  | Orb.
     0 | D:1      | Reached XP level 1. HP: 11/11 MP: 2/2
   150 | D:1      | Reached skill level 2 in Fighting
   150 | D:1      | Reached skill level 2 in Short Blades
   150 | D:1      | Reached skill level 5 in Stealth
   154 | D:1      | Reached XP level 2. HP: 7/15 MP: 0/3
  1130 | D:2      | Found a faded altar of an unknown god.
  1193 | D:2      | Reached XP level 3. HP: 18/18 MP: 4/4
  1253 | D:2      | Identified the +0 hat of the Sky {+Inv rC+}
  2138 | D:3      | Noticed Sigmund
  2144 | D:3      | Killed Sigmund
  2145 | D:3      | Reached skill level 3 in Fighting
  2145 | D:3      | Reached skill level 3 in Short Blades
  2145 | D:3      | Reached skill level 6 in Stealth
  2145 | D:3      | Gained mutation: Your natural rate of healing is unusually
                  | fast. [Vine Stalker growth]
  2145 | D:3      | Reached XP level 4. HP: 24/24 MP: 5/5
  2145 | D:3      | Reached XP level 5. HP: 28/28 MP: 6/6
  2273 | D:3      | Found a sacrificial altar of Ru.
  2632 | D:3      | Became a worshipper of Ru the Awakened
  2745 | D:3      | Reached XP level 6. HP: 33/33 MP: 7/7
  2809 | D:3      | Found a runed translucent door.
  2810 | D:3      | Noticed Crazy Yiuf
  3226 | D:4      | Reached skill level 4 in Fighting
  3226 | D:4      | Reached skill level 4 in Short Blades
  3380 | D:4      | Reached XP level 7. HP: 23/38 MP: 5/8
  3615 | D:4      | Noticed Edmund
  3625 | D:4      | HP: 8/38 [Edmund/+4 vorpal flail (10)]
  3630 | D:4      | HP: 2/38 [Edmund/+4 vorpal flail (8)]
  3631 | D:4      | Mangled by Edmund

Vanquished Creatures
  Sigmund (D:3)
  2 ogres (D:4)
  A phantom (D:4)
  An iguana (D:4)
  4 adders
  2 dart slugs
  2 orcs
  7 ball pythons
  8 endoplasms
  3 giant cockroaches
  4 goblins
  4 hobgoblins
  3 jackals (D:1)
  A quokka (D:1)
  2 bats
  2 frilled lizards
  9 kobolds
  6 rats
62 creatures vanquished.

Table legend:
 A = Non-vault XP
 B = Vault XP
 C = Vault XP percentage of total XP
 D = Non-vault monster count
 E = Vault monster count
 F = Vault count percentage of total count
                 A         B        C        D         E       F
            +---------+---------+-------+---------+---------+-------
      Total |     522 |     229 |  30.5 |      58 |       4 |   6.5
            +---------+---------+-------+---------+---------+-------
        D:1 |      27 |       6 |  18.2 |      13 |       3 |  18.8
        D:2 |      31 |       0 |   0.0 |      17 |       0 |   0.0
        D:3 |      34 |     223 |  86.8 |      15 |       1 |   6.2
        D:4 |     430 |       0 |   0.0 |      13 |       0 |   0.0
            +---------+---------+-------+---------+---------+-------

Illustrated notes

Table legend:
 A = Kills in this place as a percentage of kills in entire the game.
 B = Kills by you in this place as a percentage of kills by you in the entire game.
 C = Kills by friends in this place as a percentage of kills by friends in the entire game.
 D = Other kills in this place as a percentage of other kills in the entire game.
 E = Experience gained in this place as a percentage of experience gained in the entire game.
 F = Experience gained in this place divided by the number of levels of this place that you have seen.
                   A       B       C       D       E      F
               +-------+-------+-------+-------+-------+----------------------
         Total | 100.0 | 100.0 |   N/A |   N/A | 100.0 | 187.8
       Dungeon | 100.0 | 100.0 |   N/A |   N/A | 100.0 | 187.8
               +-------+-------+-------+-------+-------+----------------------

Table legend: (Time is in decaauts)
 A = Elapsed time spent in this place.
 B = Non-inter-level travel time spent in this place.
 C = Inter-level travel time spent in this place.
 D = Time resting spent in this place.
 E = Time spent auto-exploring this place.
 F = Levels seen in this place.
 G = Mean time per level.
                   A        B        C        D        E       F      G
               +--------+--------+--------+--------+--------+-----+--------+
         Total |   3613 |   3437 |    176 |    190 |   2761 |   4 |  903.2 |
       Dungeon |   3613 |   3437 |    176 |    190 |   2761 |   4 |  903.2 |
               +--------+--------+--------+--------+--------+-----+--------+

Top non-repeatable levels by time:
     D:1: 1139 daAuts
     D:3: 1008 daAuts
     D:2: 988 daAuts
     D:4: 476 daAuts
